 Dungeon Crawl Stone Soup version 0.29-a0-97-g88c9fad16d (webtiles) character file.

Game seed: 7348404118042571822

53 Hubjo the Sneak (level 3, -4/26 HPs)
             Began as a Vampire Enchanter on Feb 13, 2022.
             Slain by Terence (8 damage)
             ... on level 2 of the Dungeon.
             The game lasted 00:02:59 (992 turns).

Hubjo the Sneak (Vampire Enchanter)                  Turns: 992, Time: 00:02:59

Health: -4/26      AC:  2    Str:  7    XL:     3   Next: 64%
Magic:  6/6        EV: 12    Int: 17    God:
Gold:   74         SH:  0    Dex: 16    Spells: 6/6 levels left

rFire   . . .      SeeInvis +   c - +1 dagger (speed)
rCold   . . .      Faith    .   (no shield)
rNeg    . . .      Spirit   .   b - +0 robe
rPois   .          Reflect  .   (no helmet)
rElec   .          Harm     .   (no cloak)
rCorr   .          Rampage  .   (no gloves)
Will    .....                   (no boots)
Stlth   +++.......              (no amulet)
HPRegen 0.28/turn               (no ring)
MPRegen 0.10/turn               (no ring)

@: healing quickly
A: alive, fangs 3, see invisible, vampiric 2
a: Exsanguinate


You were on level 2 of the Dungeon.
You visited 1 branch of the dungeon, and saw 2 of its levels.

You collected 74 gold pieces.

Inventory:

Hand Weapons
 a - a +1 dagger
 c - a +1 dagger of speed (weapon)
Armour
 b - a +0 robe (worn)
Scrolls
 e - a scroll of identify {unknown}
 f - a scroll of teleportation {unknown}
 g - a scroll of vulnerability
Potions
 d - a potion of curing {unknown}


   Skills:
 * Level 1.0 Fighting
 + Level 2.0 Short Blades
 + Level 2.5 Dodging
 * Level 5.3 Stealth
 - Level 2.1 Spellcasting
 + Level 4.8 Hexes


You had 6 spell levels left.
You didn't know any spells.
Your spell library contained the following spells:

 Spells                   Type           Power      Damage    Failure   Level
 Confusing Touch          Hex            18%        N/A       8%          3
 Tukima's Dance           Hex            18%        N/A       8%          3
 Ensorcelled Hibernation  Hex/Ice        20%        N/A       11%         2
 Dazzling Flash           Conj/Hex       20%        N/A       22%         3


Dungeon Overview and Level Annotations

Branches:
Dungeon (2/15)

Altars:

Annotations:
D:2 Terence


Innate Abilities, Weirdness & Mutations

Your natural rate of healing is accelerated.
You have razor-sharp teeth.
You have supernaturally acute eyesight. (SInv)
You are afflicted with vampirism and can become a bat while bloodless.


Message History

There is a stone staircase leading down here.
You climb downwards.
Found a scroll labelled PIZUSE JA IKA.
There is a stone staircase leading up here.
f - a scroll labelled PIZUSE JA IKA
Found a scroll of vulnerability.
Terence the Incautious comes into view.
He is wielding a +0 trident.
You see here a scroll of vulnerability.
g - a scroll of vulnerability Terence shouts, "Get ready for death!"
A frilled lizard comes into view.
Terence barely misses you. Terence closely misses you.
Terence hits you from afar with a +0 trident!
A bat comes into view.
Found a club.
The helpless bat fails to defend itself.
You impale the bat!!
You kill the bat!
Your Short Blades skill increases to level 2!
You see here a bat corpse.
Found 14 stones.
Found 15 stones.
Terence is nearby!
You see here 15 stones.
Terence hits you with a +0 trident.
You barely miss Terence. You bite Terence, but do no damage. You hit Terence.
Your punch misses Terence.
Terence is lightly wounded.
Terence hits you with a +0 trident!
You hit Terence but do no damage.
Terence is lightly wounded.
Terence hits you with a +0 trident!
* * * LOW HITPOINT WARNING * * *
You hit Terence but do no damage.
Terence is lightly wounded.
You closely miss Terence.
Terence is lightly wounded.
Terence hits you with a +0 trident!
You die...

### #.. ... #.#
).. #.# ... #.#
..# #@#
..##############@#
..##...........#.#
..##...........#.#
...†...........#(#
#.##...........#.#
..#............#.#
###............#.#
..#.#####.......(#


You could see Terence.

Vanquished Creatures
  A gnoll (D:1)
  3 bats
  6 endoplasms (D:1)
  4 goblins (D:1)
  2 hobgoblins (D:1)
  5 jackals (D:1)
  3 kobolds (D:1)
  3 quokkas (D:1)
  7 ball pythons (D:1)
  2 frilled lizards (D:1)
  2 rats (D:1)
38 creatures vanquished.

Notes
Turn   | Place    | Note
-------+----------+-------------------------------------------
     0 | D:1      | Hubjo the Vampire Enchanter began the quest for the Orb.
     0 | D:1      | Reached XP level 1. HP: 13/13 MP: 3/3
    78 | D:1      | Reached XP level 2. HP: 15/19 MP: 5/5
   332 | D:1      | Gained mutation: You are afflicted with vampirism and can
                  | become a bat while bloodless. [Vampire growth]
   332 | D:1      | Reached XP level 3. HP: 3/25 MP: 6/6
   339 | D:1      | HP: 1/25 [quokka (2)]
   435 | D:1      | Reached skill level 5 in Stealth
   835 | D:1      | Reached skill level 1 in Fighting
   950 | D:2      | Noticed Terence
   992 | D:2      | Slain by Terence

Illustrated notes

Levels and vault maps discovered:
D:1:      shiori_arrival_elements, layout_loops_ring
D:2:      layout_basic, basic_ecumenical_altar, uniq_terence

Skill      XL: |  1  2  3 |
---------------+----------+-----
Stealth        | 5 |  5.3
Fighting       | 1 |  1.0
Short Blades   | 2 |  2.0
Dodging        | |  2.5
Spellcasting   | |  2.1
Hexes          | |  4.8

Action                   || total
-------------------------++-------
Melee: Dagger            ||   120
       Bite              ||    14
       Punch             ||     5
  Use: Potion            ||     1
       Scroll            ||     1
 Stab: Sleeping          ||    15
       Invisible         ||     1
Armor: Robe              ||    19
Dodge: Dodged            ||    63

Table legend: (Time is in decaauts)
 A = Elapsed time spent in this place.
 B = Non-inter-level travel time spent in this place.
 C = Inter-level travel time spent in this place.
 D = Time resting spent in this place.
 E = Time spent auto-exploring this place.
 F = Levels seen in this place.
 G = Mean time per level.
                   A        B        C        D        E       F      G
               +--------+--------+--------+--------+--------+-----+--------+
         Total |    955 |    900 |     55 |    109 |    476 |   2 |  477.5 |
       Dungeon |    955 |    900 |     55 |    109 |    476 |   2 |  477.5 |
               +--------+--------+--------+--------+--------+-----+--------+

Top non-repeatable levels by time:
     D:1: 904 daAuts
     D:2: 50 daAuts
